Map: Lost and Found LE

Players

Namshar - Winner!

  • Race: Zerg Zerg
  • Spawn Location: 7:00

Denver

  • Race: Zerg Zerg
  • Spawn Location: 1:00

Event: WCS Montreal 2018

VOD

Have the link to the VOD?

Description

Time

  • Played on: Sept. 7, 2018, 4:20 p.m.
  • Length: 18:14

All games in this series

Show
View Real Time Build Order
Export as new Build Order

Namshar Zerg - Winner!

Build Orders: Hatch First, Lurkers, Zergling Baneling 

Get SALT Encoding   

  12  0:00  Drone  
  13  0:12  Overlord  
  13  0:16  Drone  
  14  0:31  Drone x2  
  16  0:48  Hatchery  
  15  0:50  Drone  
  15  0:54  Drone  
  15  0:57  Drone  
  18  1:07  Extractor  
  17  1:12  Spawning Pool  
  17  1:15  Drone  
  18  1:18  Drone  
  18  1:27  Drone  
  19  1:38  Drone  
  20  1:49  Drone  
  21  1:59  Queen  
  21  2:00  Drone, Queen  
  26  2:02  Overlord  
  26  2:09  Metabolic Boost  
  26  2:12  Drone x2  
  28  2:22  Zergling x2  
  29  2:23  Drone  
  30  2:31  Drone  
  30  2:33  Drone  
  30  2:35  Hatchery  
  31  2:46  Baneling Nest  
  31  2:49  Overlord  
  30  2:51  Drone  
  30  2:54  Drone  
  30  2:58  Overlord  
  32  3:09  Zergling x10  
  32  3:10  Zergling x4  
  32  3:12  Zergling x2  
  40  3:18  Queen  
  42  3:23  Drone x2  
  44  3:29  Baneling x2  
  44  3:34  Drone x2  
  46  3:35  Evolution Chamber  
  45  3:41  Overlord  
  45  3:43  Drone  
  39  3:56  Baneling  
  39  3:57  Baneling  
  39  3:58  Zergling x8  
  39  3:59  Drone  
  39  4:00  Drone x2  
  45  4:03  Zerg Missile Weapons Level 1  
  45  4:05  Drone  
  46  4:12  Drone x3  
  46  4:13  Drone x2  
  46  4:14  Drone  
  52  4:19  Baneling x2  
  52  4:21  Drone  
  53  4:29  Zergling x2  
  53  4:30  Zergling x2  
  53  4:40  Drone x9  
  62  4:48  Extractor  
  62  4:50  Extractor  
  62  4:52  Baneling x2  
  60  4:53  Baneling x2, Roach Warren  
  60  4:56  Zergling x8  
  60  4:57  Drone  
  64  5:01  Extractor  
  64  5:03  Overlord x2  
  63  5:13  Drone x3  
  63  5:22  Drone  
  63  5:23  Drone x8  
  70  5:31  Lair  
  70  5:32  Zergling x8  
  71  5:46  Hatchery  
  71  5:47  Extractor, Drone  
  71  5:48  Extractor, Drone x3  
  73  5:50  Drone, Pneumatized Carapace  
  73  5:52  Evolution Chamber  
  73  5:55  Drone x5  
  73  5:56  Overlord x2  
  77  6:00  Overlord x2  
  77  6:11  Roach x3  
  82  6:18  Roach x8  
  98  6:22  Roach  
  98  6:23  Roach  
  101  6:28  Roach  
  101  6:29  Zerg Missile Weapons Level 2, Glial Reconstitution  
  101  6:30  Overlord  
  101  6:31  Overlord  
  102  6:33  Roach  
  102  6:34  Roach  
  102  6:38  Roach x2  
  110  6:44  Roach  
  110  6:47  Overlord x3  
  112  6:57  Drone  
  112  6:58  Zerg Ground Armor Level 1  
  112  6:59  Roach x6  
  125  7:05  Extractor  
  124  7:12  Roach x7  
  137  7:15  Overlord  
  135  7:33  Drone  
  135  7:34  Drone x6  
  136  7:40  Roach x4  
  144  7:48  Hatchery  
  144  7:50  Ravager x4  
  144  7:51  Overlord x2  
  147  7:56  Drone x2  
  151  7:58  Roach x5  
  151  7:59  Roach  
  160  8:11  Drone  
  159  8:14  Drone x2  
  159  8:15  Overlord x3  
  159  8:16  Overlord  
  159  8:17  Ravager x3  
  159  8:18  Ravager  
  165  8:22  Roach x4  
  173  8:31  Ravager x2  
  175  8:40  Roach x8  
  175  8:41  Roach  
  191  8:57  Roach x4  
  190  9:07  Roach x7  
  188  9:18  Roach x9  
  196  9:29  Drone  
  196  9:31  Hydralisk Den, Roach x2  
  182  9:32  Roach x4  
  180  9:38  Roach  
  180  9:39  Roach x3  
  180  9:43  Queen  
  190  9:53  Roach x4  
  196  10:02  Roach  
  196  10:06  Grooved Spines  
  198  10:08  Lurker Den  
  198  10:13  Ravager x4  
  189  10:14  Roach x6  
  191  10:29  Roach x5  
  193  10:37  Overseer x2  
  193  10:38  Overlord x2  
  193  11:01  Infestation Pit, Hydralisk x3  
  190  11:15  Hydralisk x6  
  190  11:18  Muscular Augments, Tunneling Claws  
  199  11:19  Burrow  
  199  11:35  Hydralisk  
  199  11:36  Roach  
  192  11:47  Queen  
  192  11:52  Hydralisk  
  192  11:53  Roach x7  
  197  11:58  Hydralisk x2  
  197  11:59  Roach x4  
  197  12:00  Roach x3  
  199  12:05  Hive  
  199  12:08  Extractor  
  199  12:10  Spore Crawler  
  199  12:12  Spine Crawler x2  
  194  12:16  Overlord x2  
  194  12:23  Zerg Ground Armor Level 2  
  182  12:46  Hydralisk  
  182  12:47  Roach x11  
  183  12:53  Hydralisk, Roach  
  183  12:54  Roach x6  
  171  13:01  Hydralisk  
  171  13:02  Roach x6  
  171  13:03  Hydralisk  
  169  13:13  Queen  
  169  13:16  Drone x3  
  169  13:18  Adaptive Talons  
  169  13:19  Zerg Missile Weapons Level 3  
  174  13:21  Lurker  
  174  13:22  Lurker  
  174  13:23  Lurker  
  175  13:38  Hydralisk x2  
  175  13:39  Roach x8  
  195  13:42  Roach x13  
  195  13:45  Overseer  
  195  13:46  Overseer  
  193  13:55  Drone x2  
  193  13:56  Drone x2, Queen  
  198  14:06  Hydralisk  
  198  14:07  Roach x3  
  191  14:24  Roach x2  
  191  14:26  Overseer  
  191  14:28  Hydralisk x3  
  191  14:29  Drone x3  
  187  14:38  Hydralisk, Roach  
  181  14:39  Roach x8  
  181  14:42  Lurker x3  
  195  14:55  Roach x4  
  193  15:06  Lurker x2  
  193  15:09  Lurker x2  
  193  15:10  Lurker x5  
  200  15:18  Zerg Ground Armor Level 3  
  196  15:34  Unknown  
  196  15:35  Unknown x3  
  196  15:38  Hatchery  
  171  16:11  Hatchery  
  171  16:15  Drone x8  
  171  16:17  Hydralisk  
  171  16:18  Hydralisk x12  
  166  16:44  Hydralisk  
  166  16:45  Hydralisk x3  
  166  16:46  Roach x5  
  175  16:52  Hydralisk  
  175  16:53  Roach x2  
  168  17:04  Drone x3  
  160  17:21  Roach x3  
  150  17:23  Drone x2  
  150  17:24  Drone x2  
  150  17:26  Lurker  
  150  17:27  Lurker x2  
  150  17:28  Lurker x2  
  150  17:29  Lurker  
  160  17:33  Spore Crawler  
  160  17:35  Spore Crawler, Drone  
Show
View Real Time Build Order
Export as new Build Order

Denver Zerg 

Build Orders: Hatch First 

Get SALT Encoding   

  12  0:00  Drone  
  13  0:12  Overlord  
  13  0:16  Drone  
  14  0:31  Drone x2  
  16  0:47  Hatchery  
  15  0:51  Drone  
  15  0:55  Drone  
  17  0:59  Drone  
  18  1:09  Extractor  
  17  1:15  Spawning Pool  
  17  1:16  Drone  
  17  1:20  Drone  
  18  1:27  Drone  
  19  1:38  Drone  
  20  1:52  Drone  
  21  2:01  Queen  
  21  2:02  Overlord, Queen  
  21  2:03  Drone  
  26  2:10  Metabolic Boost  
  26  2:11  Drone x2  
  30  2:22  Drone x2  
  30  2:33  Hatchery  
  30  2:35  Drone  
  30  2:37  Drone  
  31  2:44  Baneling Nest  
  31  2:46  Drone x2  
  32  2:53  Overlord  
  32  2:56  Zergling x2  
  33  2:59  Queen  
  35  3:05  Zergling x2  
  36  3:13  Zergling x10  
  36  3:16  Overlord  
  36  3:18  Drone  
  42  3:20  Drone  
  42  3:22  Drone  
  44  3:28  Baneling x2  
  44  3:31  Drone, Evolution Chamber  
  44  3:34  Overlord  
  44  3:35  Baneling x2  
  44  3:42  Drone x2  
  44  3:47  Drone x2  
  44  3:57  Zergling x10  
  44  4:02  Extractor  
  48  4:03  Baneling x2  
  48  4:04  Drone  
  48  4:05  Roach Warren  
  48  4:09  Drone x3  
  51  4:11  Drone  
  51  4:15  Drone x2  
  51  4:16  Drone  
  55  4:17  Drone  
  55  4:22  Zerg Missile Weapons Level 1  
  55  4:23  Drone  
  57  4:25  Drone  
  57  4:29  Overlord  
  57  4:30  Drone  
  56  4:39  Drone x2  
  56  4:44  Overlord  
  56  4:46  Drone x5  
  56  4:50  Lair  
  56  4:51  Extractor, Zergling x2  
  61  4:55  Zergling x6  
  61  4:57  Baneling  
  61  4:58  Drone x2  
  66  5:02  Overlord  
  66  5:03  Drone x2  
  68  5:07  Drone  
  68  5:09  Baneling  
  68  5:13  Drone  
  68  5:14  Drone x3  
  68  5:25  Roach x7  
  68  5:26  Roach  
  79  5:29  Drone x2  
  79  5:41  Overlord, Roach x4  
  86  5:46  Roach x2  
  90  5:50  Extractor  
  90  5:54  Overlord, Glial Reconstitution  
  90  5:56  Overlord  
  89  6:02  Roach  
  89  6:03  Roach  
  93  6:05  Hatchery  
  93  6:06  Roach  
  93  6:07  Roach  
  93  6:11  Drone x2  
  97  6:12  Overlord  
  97  6:14  Drone x2  
  97  6:17  Drone x2  
  97  6:18  Drone  
  103  6:20  Extractor  
  103  6:22  Drone x2  
  104  6:25  Zerg Missile Weapons Level 2  
  104  6:27  Drone x2  
  104  6:28  Drone  
  104  6:31  Drone x3  
  111  6:32  Drone  
  111  6:36  Extractor  
  111  6:37  Overlord  
  111  6:38  Pneumatized Carapace  
  110  6:43  Roach  
  110  6:44  Roach  
  110  6:46  Overseer  
  114  6:48  Roach  
  114  6:49  Overlord  
  114  6:50  Overlord  
  114  6:53  Overlord  
  114  6:56  Overlord  
  114  6:59  Roach x3  
  116  7:01  Overlord  
  116  7:03  Overlord  
  116  7:05  Roach  
  116  7:06  Roach  
  120  7:12  Roach x3  
  120  7:13  Roach  
  120  7:15  Drone, Evolution Chamber  
  129  7:20  Roach  
  129  7:21  Roach x2  
  134  7:29  Roach  
  144  7:30  Roach x4  
  138  7:38  Roach x6  
  138  7:41  Overlord  
  144  7:44  Overlord  
  144  7:46  Zerg Ground Armor Level 1  
  144  7:48  Ravager x2  
  144  7:49  Ravager  
  144  7:50  Overlord  
  147  7:52  Drone x2  
  147  7:54  Extractor, Drone  
  147  7:56  Overlord  
  149  7:58  Roach  
  149  7:59  Roach  
  149  8:01  Ravager  
  154  8:05  Roach  
  154  8:06  Roach x2  
  154  8:11  Roach x4  
  163  8:12  Ravager  
  163  8:17  Roach  
  163  8:18  Roach x2  
  169  8:20  Queen  
  169  8:22  Ravager  
  169  8:25  Roach x2  
  176  8:29  Roach x3  
  182  8:35  Overseer  
  182  8:38  Roach x4  
  182  8:40  Ravager  
  185  8:44  Roach x3  
  189  8:49  Overseer  
  189  8:50  Roach x3  
  189  8:54  Roach x2  
  185  9:07  Roach x4  
  185  9:08  Roach x5  
  176  9:21  Roach x6  
  190  9:30  Ravager  
  177  9:31  Ravager x2  
  177  9:32  Ravager  
  154  9:42  Roach x12  
  178  9:51  Roach x2  
  182  9:58  Hatchery  
  182  9:59  Ravager x3  
  184  10:02  Roach x2  
  185  10:16  Roach x7  
  199  10:27  Roach x2  
  197  10:35  Burrow, Tunneling Claws  
  192  10:42  Roach x2  
  198  10:43  Roach x2  
  200  10:56  Roach  
  200  10:57  Roach x3  
  200  11:16  Roach x5  
  192  11:38  Roach x8  
  196  11:40  Overseer, Queen  
  196  11:43  Hydralisk Den  
  193  11:52  Roach x3  
  177  11:59  Roach x13  
  195  12:01  Roach x18  
  195  12:05  Queen x2  
  195  12:08  Ravager  
  198  12:09  Roach x2, Ravager x2  
  198  12:13  Roach x2  
  198  12:14  Roach x9  
  200  12:16  Grooved Spines  
  200  12:17  Infestation Pit  
  200  12:19  Extractor  
  196  12:32  Hatchery  
  167  12:51  Roach x15  
  167  12:52  Roach x2  
  149  13:06  Roach  
  149  13:07  Roach x10  
  157  13:15  Roach  
  159  13:20  Spire  
  159  13:23  Roach x3  
  164  13:28  Roach x2  
  164  13:31  Roach x8  
  162  13:36  Roach x6  
  174  13:43  Roach x5  
  184  13:52  Roach x4  
  180  13:59  Roach x4  
  180  14:00  Overlord  
  161  14:11  Roach x11  
  161  14:12  Roach  
  161  14:13  Overseer  
  173  14:22  Drone x4  
  173  14:23  Drone  
  170  14:26  Roach x2, Ravager x4  
  166  14:40  Roach x4  
  166  14:44  Overseer  
  172  14:45  Ravager  
  172  14:46  Ravager x6  
  172  14:52  Roach x2  
  181  14:59  Roach  
  183  15:00  Roach x2  
  183  15:04  Drone  
  183  15:05  Drone x3  
  185  15:11  Roach x2  
  189  15:19  Overseer  
  187  15:29  Roach x3  
  187  15:38  Overlord  
  187  15:42  Unknown x6  
  187  15:43  Roach x10  
  187  15:49  Overlord  
  187  15:50  Roach  
  187  15:51  Overlord, Roach x4  
  177  16:05  Mutalisk x10  
  177  16:11  Mutalisk  
  197  16:17  Roach x9  
  193  16:23  Mutalisk x2  
  187  16:52  Roach x6  
  183  17:06  Drone x11  
  176  17:19  Drone x8  
  176  17:21  Mutalisk x3  
  174  17:28  Overseer x3  
  174  17:36  Mutalisk  
  174  17:54  Roach x4  
Tags
 
Add a new tag
Caveats
  • Supply blocks, unpowered buildings, or Contaminate may cause inaccurate times.
  • Supply counts are checked every 10 seconds.